PIO (24 & UNDER)
SURREY SINNERS @ SEATTLE RAINIERS
08/15/2027
 
TOP OF THE 1ST
Surrey Sinners batting - Pitching for Seattle Rainiers : RHP Ángel Estrada
Pitching: RHP Ángel Estrada
Batting: RHB Marcos Lińares 0-0: Ball
1-0: Fly out, F9 (Flyball, 89M)
Batting: LHB Jorge Martínez 0-0: Ball
1-0: Ball
2-0: Ball
3-0: Base on Balls
Batting: LHB Randy Wiggins 0-0: Ball
1-0: Called Strike
1-1: Foul Ball, location: 2F
1-2: Ball
2-2: Strikes out swinging
Batting: LHB Iván Espinosa 0-0: Ball
1-0: Foul Ball, location: 2F
1-1: Ball
2-1: Ball
3-1: Swinging Strike
3-2: Base on Balls
Jorge Martínez to second
Batting: RHB Eugene Booth 0-0: Ball
1-0: Ball
2-0: TRIPLE (Groundball, 3L)
Jorge Martínez scores
Iván Espinosa scores
Batting: RHB Jason Nava 0-0: Swinging Strike
0-1: Ball
1-1: Ball
2-1: Swinging Strike
2-2: Ball
3-2: Ground out 4-3 (Groundball, 4)
Top of the 1st over - 2 run(s), 1 hit(s), 0 error(s), 1 left on base; Surrey 2 - Seattle 0
BOTTOM OF THE 1ST
Seattle Rainiers batting - Pitching for Surrey Sinners : LHP Dennis Morales
Pitching: LHP Dennis Morales
Batting: RHB José Rosales 0-0: Called Strike
0-1: Ball
1-1: Fly out, F4 (Popup, 4S)
Batting: RHB Roger Lamb 0-0: Called Strike
0-1: Swinging Strike
0-2: Ball
1-2: Strikes out looking
Batting: LHB José Delgado 0-0: Ball
1-0: Called Strike
1-1: Foul Ball, location: 2F
1-2: Fly out, F4 (Line Drive, 4)
Bottom of the 1st over - 0 run(s), 0 hit(s), 0 error(s), 0 left on base; Surrey 2 - Seattle 0
TOP OF THE 2ND
Surrey Sinners batting - Pitching for Seattle Rainiers : RHP Ángel Estrada
Batting: RHB Jorge Barrios 0-0: Ball
1-0: Ball
2-0: Called Strike
2-1: Swinging Strike
2-2: Foul Ball, location: 2F
2-2: DOUBLE (Flyball, 78XD)
Batting: SHB Juan Carlos Mesa 0-0: Called Strike
0-1: Foul Ball, location: 2F
0-2: Ball
1-2: Ball
2-2: Strikes out looking
Batting: RHB Mauro Paredes 0-0: Called Strike
0-1: Foul Ball, location: 2F
0-2: Ball
1-2: Fly out, F8 (Flyball, 8RD)
Batting: RHB Marcos Lińares 0-0: Called Strike
0-1: Ball
1-1: Ball
2-1: Called Strike
2-2: Fly out, F6 (Line Drive, 56)
Top of the 2nd over - 0 run(s), 1 hit(s), 0 error(s), 1 left on base; Surrey 2 - Seattle 0
BOTTOM OF THE 2ND
Seattle Rainiers batting - Pitching for Surrey Sinners : LHP Dennis Morales
Batting: SHB Júlio Ayala 0-0: Ball
1-0: Called Strike
1-1: Ball
2-1: Ball
3-1: Swinging Strike
3-2: Strikes out swinging
Batting: RHB Leonard Harris 0-0: Ball
1-0: Ball
2-0: Fly out, F6 (Popup, 15)
Batting: SHB Fernando Borges 0-0: Ball
1-0: Foul Ball, location: 2F
1-1: Ball
2-1: Swinging Strike
2-2: Foul Ball, location: 2F
2-2: Foul Ball, location: 2F
2-2: Foul Ball, location: 2F
2-2: Fly out, F7 (Flyball, 78M)
Bottom of the 2nd over - 0 run(s), 0 hit(s), 0 error(s), 0 left on base; Surrey 2 - Seattle 0
TOP OF THE 3RD
Surrey Sinners batting - Pitching for Seattle Rainiers : RHP Ángel Estrada
Batting: LHB Jorge Martínez 0-0: Ball
1-0: Ball
2-0: Ground out 6-3 (Groundball, 6)
Batting: LHB Randy Wiggins 0-0: SINGLE (Line Drive, 6D)
Batting: LHB Iván Espinosa 0-0: Ball
1-0: Swinging Strike
1-1: Ball
Randy Wiggins is caught stealing 2nd base
2-1: Fly out, F7 (Flyball, 7LD)
Top of the 3rd over - 0 run(s), 1 hit(s), 0 error(s), 0 left on base; Surrey 2 - Seattle 0
BOTTOM OF THE 3RD
Seattle Rainiers batting - Pitching for Surrey Sinners : LHP Dennis Morales
Batting: RHB David Pérez 0-0: Swinging Strike
0-1: Ball
1-1: Ball
2-1: Called Strike
2-2: Strikes out looking
Batting: LHB Ramón Ramírez 0-0: Ball
1-0: SINGLE (Groundball, 6M) (infield hit)
Batting: SHB Claas van der Kuijl 0-0: Ball
1-0: Ball
Ramón Ramírez is caught stealing 2nd base
2-0: Ball
3-0: Called Strike
3-1: SOLO HOME RUN (Flyball, 7D), Distance : 377 ft
Batting: RHB José Rosales 0-0: Foul Ball, location: 2F
0-1: Called Strike
0-2: Ground out 6-3 (Groundball, 6)
Bottom of the 3rd over - 1 run(s), 2 hit(s), 0 error(s), 0 left on base; Surrey 2 - Seattle 1
TOP OF THE 4TH
Surrey Sinners batting - Pitching for Seattle Rainiers : RHP Ángel Estrada
Batting: RHB Eugene Booth 0-0: Swinging Strike
0-1: Foul Ball, location: 2F
0-2: Ball
1-2: Ball
2-2: Strikes out swinging
Batting: RHB Jason Nava 0-0: Called Strike
0-1: Foul Ball, location: 2F
0-2: Ball
1-2: Ball
2-2: Ball
3-2: Strikes out swinging
Batting: RHB Jorge Barrios 0-0: Ball
1-0: Fly out, F5 (Popup, 56)
Top of the 4th over - 0 run(s), 0 hit(s), 0 error(s), 0 left on base; Surrey 2 - Seattle 1
BOTTOM OF THE 4TH
Seattle Rainiers batting - Pitching for Surrey Sinners : LHP Dennis Morales
Batting: RHB Roger Lamb 0-0: Called Strike
0-1: Ball
1-1: Ball
2-1: Fly out, F8 (Line Drive, 8LM)
Batting: LHB José Delgado 0-0: Ball
1-0: Ball
2-0: Fly out, F4 (Line Drive, 4)
Batting: SHB Júlio Ayala 0-0: Foul Ball, location: 2F
0-1: Single, Error in OF, E9, batter to second base
Batting: RHB Leonard Harris 0-0: Fly out, F4 (Popup, 4D)
Bottom of the 4th over - 0 run(s), 1 hit(s), 1 error(s), 1 left on base; Surrey 2 - Seattle 1
TOP OF THE 5TH
Surrey Sinners batting - Pitching for Seattle Rainiers : RHP Ángel Estrada
Batting: SHB Juan Carlos Mesa 0-0: Foul Ball, location: 2F
0-1: Ball
1-1: Ball
2-1: Called Strike
2-2: Strikes out swinging
Batting: RHB Mauro Paredes 0-0: Ball
1-0: Ball
2-0: Fly out, F4 (Popup, 34)
Batting: RHB Marcos Lińares 0-0: Called Strike
0-1: Ball
1-1: Swinging Strike
1-2: Ball
2-2: Foul Ball, location: 2F
2-2: Foul Ball, location: 2F
2-2: Strikes out swinging
Top of the 5th over - 0 run(s), 0 hit(s), 0 error(s), 0 left on base; Surrey 2 - Seattle 1
BOTTOM OF THE 5TH
Seattle Rainiers batting - Pitching for Surrey Sinners : LHP Dennis Morales
Batting: SHB Fernando Borges 0-0: Ball
1-0: SINGLE (Groundball, 56D)
Batting: RHB David Pérez 0-0: Swinging Strike
0-1: Foul Ball, location: 2F
0-2: Ball
1-2: Ball
2-2: Fielders Choice at 2nd, 6-4 (Groundball, 6)
Batting: LHB Ramón Ramírez 0-0: Called Strike
David Pérez is caught stealing 2nd base
0-1: Ball
1-1: Hit by Pitch
Batting: SHB Claas van der Kuijl 0-0: Ball
1-0: Called Strike
1-1: Ball
2-1: Ball
3-1: Foul Ball, location: 2F
3-2: Ground out U3 (Groundball, 34)
Bottom of the 5th over - 0 run(s), 1 hit(s), 0 error(s), 1 left on base; Surrey 2 - Seattle 1
TOP OF THE 6TH
Surrey Sinners batting - Pitching for Seattle Rainiers : RHP Ángel Estrada
Batting: LHB Jorge Martínez 0-0: Ball
1-0: Foul Ball, location: 2F
1-1: Swinging Strike
1-2: Ball
2-2: Strikes out swinging
Pitching: RHP Lúcio Feliciano
Batting: LHB Randy Wiggins 0-0: Foul Ball, location: 2F
0-1: Fly out, F9 (Flyball, 9S)
Batting: LHB Iván Espinosa 0-0: Ball
1-0: Foul Ball, location: 2F
1-1: Fly out, F8 (Line Drive, 8LM)
Top of the 6th over - 0 run(s), 0 hit(s), 0 error(s), 0 left on base; Surrey 2 - Seattle 1
BOTTOM OF THE 6TH
Seattle Rainiers batting - Pitching for Surrey Sinners : LHP Dennis Morales
Batting: RHB José Rosales 0-0: Swinging Strike
0-1: Foul Ball, location: 2F
0-2: Ball
1-2: Ball
2-2: Strikes out swinging
Batting: RHB Roger Lamb 0-0: Ground out 5-3 (Groundball, 56)
Batting: LHB José Delgado 0-0: SINGLE (Line Drive, 34)
Batting: SHB Júlio Ayala 0-0: Ball
1-0: Fly out, F9 (Flyball, 9LS)
Bottom of the 6th over - 0 run(s), 1 hit(s), 0 error(s), 1 left on base; Surrey 2 - Seattle 1
TOP OF THE 7TH
Surrey Sinners batting - Pitching for Seattle Rainiers : RHP Lúcio Feliciano
Batting: RHB Eugene Booth 0-0: Called Strike
0-1: SINGLE (Line Drive, 34D)
Pinch Hitting: LHB Tony Smith 0-0: Foul Ball, location: 2F
0-1: Ball
1-1: Fly out, F8 (Flyball, 78M)
Pinch Hitting: LHB Juan Hinojosa 0-0: Foul Ball, location: 2F
0-1: Ball
Eugene Booth steals 2nd base
1-1: Intentional Walk
Pinch Hitting: SHB Norberto Muńóz 0-0: Ball
1-0: Ball
2-0: Ball
3-0: Called Strike
3-1: Base on Balls
Eugene Booth to third
Juan Hinojosa to second
Batting: RHB Mauro Paredes 0-0: Called Strike
0-1: Ball
1-1: Ball
2-1: Ball
3-1: Base on Balls
Eugene Booth scores
Juan Hinojosa to third
Norberto Muńóz to second
Batting: RHB Marcos Lińares 0-0: Grounds into fielders choice 1-2 (Groundball, P)
Norberto Muńóz to third
Mauro Paredes to second
Batting: LHB Jorge Martínez 0-0: Called Strike
0-1: Called Strike
0-2: Foul Ball, location: 2F
0-2: Foul Ball, location: 2F
0-2: Ball
1-2: Ball
2-2: Fly out, F8 (Line Drive, 8RM)
Top of the 7th over - 1 run(s), 1 hit(s), 0 error(s), 3 left on base; Surrey 3 - Seattle 1
BOTTOM OF THE 7TH
Seattle Rainiers batting - Pitching for Surrey Sinners : LHP Dennis Morales
Now at 1B: Norberto Muńóz
Now at 2B: Dennis House
Now at 3B: Joey Boyd
Batting: RHB Leonard Harris 0-0: Ball
1-0: Foul Ball, location: 2F
1-1: Ball
2-1: Foul Ball, location: 2F
2-2: DOUBLE (Flyball, 7LM)
Batting: SHB Fernando Borges 0-0: Called Strike
0-1: Ball
1-1: Swinging Strike
1-2: Strikes out looking
Pitching: LHP Clarence Gill
Batting: RHB David Pérez 0-0: Ball
1-0: Ball
2-0: Ball
3-0: Called Strike
3-1: Base on Balls
Pinch Hitting: SHB Eduardo Sánchez 0-0: Called Strike
0-1: Called Strike
0-2: Fly out, F8 (Flyball, 8RM)
Batting: SHB Claas van der Kuijl 0-0: Foul Ball, location: 2F
0-1: Called Strike
0-2: Ball
1-2: Ball
2-2: Foul Ball, location: 2F
2-2: Foul Ball, location: 2F
2-2: Foul Ball, location: 2F
2-2: Fly out, F9 (Flyball, 9LS)
Bottom of the 7th over - 0 run(s), 1 hit(s), 0 error(s), 2 left on base; Surrey 3 - Seattle 1
TOP OF THE 8TH
Surrey Sinners batting - Pitching for Seattle Rainiers : RHP Lúcio Feliciano
Now at SS: Eduardo Sánchez
Batting: LHB Randy Wiggins 0-0: Ball
1-0: Hit by Pitch
Batting: LHB Iván Espinosa 0-0: Fly out, F8 (Flyball, 8RS)
Batting: RHB Eugene Booth 0-0: Ball
1-0: SINGLE (Groundball, 56S) (infield hit)
Randy Wiggins to second
Batting: RHB Dennis House 0-0: Foul Ball, location: 2F
0-1: Called Strike
0-2: Ball
1-2: Fly out, F6 (Popup, 6M)
Batting: SHB Joey Boyd 0-0: Ball
1-0: Ball
2-0: Ball
3-0: Called Strike
3-1: Base on Balls
Randy Wiggins to third
Eugene Booth to second
Pitching: RHP Robert Alexander
Batting: SHB Norberto Muńóz 0-0: Called Strike
0-1: Called Strike
0-2: Ball
1-2: Ball
2-2: Foul Ball, location: 2F
2-2: Strikes out looking
Top of the 8th over - 0 run(s), 1 hit(s), 0 error(s), 3 left on base; Surrey 3 - Seattle 1
BOTTOM OF THE 8TH
Seattle Rainiers batting - Pitching for Surrey Sinners : LHP Clarence Gill
Batting: RHB José Rosales 0-0: Ball
1-0: Fly out, F9 (Flyball, 9)
Batting: RHB Roger Lamb 0-0: Called Strike
0-1: Ball
1-1: Swinging Strike
1-2: Strikes out swinging
Batting: LHB José Delgado 0-0: Ball
1-0: Called Strike
1-1: Ball
2-1: Ground out 4-3 (Groundball, 4)
Bottom of the 8th over - 0 run(s), 0 hit(s), 0 error(s), 0 left on base; Surrey 3 - Seattle 1
TOP OF THE 9TH
Surrey Sinners batting - Pitching for Seattle Rainiers : RHP Robert Alexander
Batting: RHB Mauro Paredes 0-0: Foul Ball, location: 2F
0-1: Called Strike
0-2: Strikes out looking
Batting: RHB Marcos Lińares 0-0: Ball
1-0: Fly out, F4 (Popup, 4D)
Batting: LHB Jorge Martínez 0-0: Ground out 3-1 (Groundball, 34)
Top of the 9th over - 0 run(s), 0 hit(s), 0 error(s), 0 left on base; Surrey 3 - Seattle 1
BOTTOM OF THE 9TH
Seattle Rainiers batting - Pitching for Surrey Sinners : LHP Clarence Gill
Pitching: LHP Miguel Pazo
Batting: SHB Júlio Ayala 0-0: SINGLE (Flyball, 7S)
Batting: RHB Leonard Harris 0-0: Ball
1-0: Ball
2-0: Ball
3-0: Base on Balls
Júlio Ayala to second
Batting: SHB Fernando Borges 0-0: Called Strike
0-1: Fielders Choice at 2nd, 6-4 (Groundball, 6)
Júlio Ayala to third
Pinch Hitting: RHB Roberto Pérez 0-0: Ball
1-0: Ball
2-0: Ball
3-0: Called Strike
3-1: Base on Balls
Fernando Borges to second
Batting: SHB Eduardo Sánchez 0-0: Foul Ball, location: 2F
0-1: Foul Ball, location: 2F
0-2: Grounds into double play, 6-4-3 (Groundball, 6)
Bottom of the 9th over - 0 run(s), 1 hit(s), 0 error(s), 2 left on base; Surrey 3 - Seattle 1
Thursday, March 30th, 2017 - OOTP Baseball 17.12 Build 75